 Dungeon Crawl Stone Soup version 0.23.2-1-ga50397a (webtiles) character file.

Game seed: 2476737867226506556

257 troglodite the Digger (level 6, 0/44 HPs)
             Began as a Formicid Earth Elementalist on May 21, 2019.
             Succumbed to a worker ant's poison
             ... on level 3 of the Dungeon.
             The game lasted 00:11:23 (3032 turns).

troglodite the Digger (Formicid Earth Elementalist) Turns: 3032, Time: 00:11:24

Health: 0/44       AC:  5    Str: 14    XL:     6   Next: 39%
Magic:  2/11       EV: 16    Int: 15    God:
Gold:   129        SH:  0    Dex: 18    Spells: 7/11 levels left

rFire    . . .     SeeInvis +   k - +0 whip
rCold    . . .     Gourm    .   (no shield)
rNeg     . . .     Faith    .   n - +0 ring mail
rPois    .         Spirit   +   (helmet unavailable)
rElec    .         Reflect  .   (no cloak)
rCorr    .         Harm     .   (no gloves)
MR       .....                  (no boots)
Stlth    +++.......             f - amulet of guardian spirit
HPRegen  0.14/turn              j - +2 ring of strength
MPRegen  0.12/turn              (no ring)

@: agile, lethally poisoned (0 -> -6)
A: permanent stasis, dig shafts and tunnels, four strong arms, antennae 3
a: Dig, Shaft Self


You were on level 3 of the Dungeon.
You were not hungry.

You visited 1 branch of the dungeon, and saw 4 of its levels.

You collected 129 gold pieces.

Inventory:

Hand Weapons
 k - a +0 whip (weapon)
Missiles
 b - 19 stones (quivered)
Armour
 c - a +0 robe
 n - a +0 ring mail (worn)
Jewellery
 f - an amulet of guardian spirit (around neck)
 j - a +2 ring of strength (left hand)
Wands
 t - a wand of digging (4)
 u - a wand of scattershot (2)
Scrolls
 e - 3 scrolls of amnesia {unknown}
 g - a scroll of magic mapping {unknown}
 h - a scroll of random uselessness {unknown}
 l - 3 scrolls of teleportation {unknown}
 m - 2 scrolls of fear {unknown}
 o - a scroll of remove curse {unknown}
 q - a scroll of enchant armour {unknown}
 w - 2 scrolls of noise {unknown}
 x - a scroll of blinking {unknown}
Potions
 a - 2 potions of might
 i - a potion of lignification
 p - a potion of resistance
 r - 2 potions of agility
Comestibles
 d - 4 rations


   Skills:
 * Level 1.7 Fighting
 * Level 1.4 Maces & Flails
 * Level 2.0 Armour
 * Level 2.3 Dodging
 * Level 3.2 Stealth
 * Level 3.4 Spellcasting
 * Level 0.8 Conjurations
   Level 1.1 Transmutations
 * Level 5.1 Earth Magic


You had 7 spell levels left.
You knew the following spells:

 Your Spells              Type           Power        Failure   Level  Hunger
a - Sandblast             Erth           ###...       4%          1    None
b - Stone Arrow           Conj/Erth      ##....       32%         3    ###....

Your spell library contained the following spells:

 Spells                   Type           Power        Failure   Level  Hunger
 Passwall                 Tmut/Erth      ##......     16%         2    ##.....
 Petrify                  Tmut/Erth      ##......     71%         4    ####...
 Lee's Rapid Deconstruct  Erth           ###.......   78%         5    ######.


Dungeon Overview and Level Annotations

Branches:
Dungeon (4/15)
 Temple: D:4-7

Altars:


Innate Abilities, Weirdness & Mutations

You cannot be hasted, slowed, berserked, paralysed or teleported.
You can dig through walls and to a lower floor.
Your four strong arms can wield two-handed weapons with a shield.
You have a pair of large antennae on your head. (SInv)


Message History

You hit the worker ant.
The worker ant is heavily wounded.
* * * LOW HITPOINT WARNING * * *
You feel sick. The worker ant bites you.
* * * LOW HITPOINT WARNING * * *
You barely miss the worker ant.
The worker ant is heavily wounded.
* * * LOW HITPOINT WARNING * * *
You feel sick. The worker ant closely misses you.
You hit the worker ant but do no damage.
The worker ant is heavily wounded.
* * * LOW HITPOINT WARNING * * *
You feel sick.
The worker ant bites you but does no damage.
The worker ant closely misses you.
You hit the worker ant.
You kill the worker ant!
* * * LOW HITPOINT WARNING * * *
You feel sick.
You die...

#.# ##......########...#####..
#.# #..###.#### ##...#..######
..# #.####....###..####...# # .##
###.##..........## ###.#
..####...##........### #.# #
.......####........###### #.####
.....### #.............####.....
.....######..............#.......
................@................
..>..######......................
.....# #......................
.....############................
.....##.........................>
.....##..........................
#######...................)......
#..........................
###########...!.....#######


There were no monsters in sight!

Vanquished Creatures
  A crimson imp (D:3)
  2 orc wizards
  Jessica (D:2)
  An iguana (D:3)
  A worker ant (D:3)
  2 adders
  2 oozes
  2 dart slugs
  A leopard gecko (D:1)
  4 orcs
  5 giant cockroaches
  6 goblins
  6 hobgoblins
  5 quokkas
  A ball python (D:3)
  6 bats
  7 frilled lizards
  4 kobolds
  6 rats
63 creatures vanquished.

Notes
Turn   | Place    | Note
-------+----------+-------------------------------------------
     0 | D:1      | troglodite the Formicid Earth Elementalist began the quest
                  | for the Orb.
     0 | D:1      | Reached XP level 1. HP: 13/13 MP: 3/3
   186 | D:1      | Reached skill level 4 in Earth Magic
   186 | D:1      | Reached XP level 2. HP: 19/19 MP: 1/5
   744 | D:2      | Noticed Jessica
   753 | D:2      | Killed Jessica
   753 | D:2      | Reached skill level 1 in Fighting
   753 | D:2      | Reached XP level 3. HP: 10/26 MP: 3/6
   998 | D:2      | Reached XP level 4. HP: 24/32 MP: 7/7
  1254 | D:2      | Reached skill level 1 in Armour
  1747 | D:2      | Learned a level 3 spell: Stone Arrow
  1926 | D:2      | Reached skill level 1 in Maces & Flails
  1926 | D:2      | Reached XP level 5. HP: 16/37 MP: 3/9
  2576 | D:3      | Reached XP level 6. HP: 33/43 MP: 4/10
  2580 | D:3      | Reached skill level 5 in Earth Magic
  3029 | D:3      | HP: 2/44 [poisoned by a worker ant]
  3032 | D:3      | Succumbed to a worker ant's poison

Skill      XL: |  1  2  3  4  5  6 |
---------------+-------------------+-----
Earth Magic    | 4 5 |  5.1
Dodging        | 2 |  2.3
Fighting       | 1 |  1.7
Armour         | 1 2 |  2.0
Maces & Flails | 1 |  1.4
Stealth        | 3 |  3.2
Spellcasting   | 3 |  3.4
Conjurations   | |  0.8
Transmutations | |  1.1

Action                   |  1- 3 |  4- 6 || total
-------------------------+-------+-------++-------
Melee: Unarmed           |    14 |       ||    14
       Whip              |    27 |   127 ||   154
 Cast: Sandblast         |    14 |    54 ||    68
  Use: Scroll            |       |     4 ||     4
       Potion            |       |     3 ||     3
 Stab: Sleeping          |     2 |       ||     2
  Eat: Chunk             |       |     7 ||     7
Armor: Robe              |     3 |       ||     3
       Ring mail         |    10 |    63 ||    73
Dodge: Dodged            |    28 |    90 ||   118
